[Event "*** Titled Tuesday Blitz"]
[Site "Chess.com"]
[Date "2021.03.30"]
[Round "8"]
[White "Legendinunknown"]
[Black "Kislov_Oleg"]
[Result "1-0"]
[WhiteElo "2599"]
[BlackElo "2479"]
[TimeControl "180+1"]
[EndTime "11:29:37 PDT"]
[Termination "Legendinunknown won by resignation"]

1. d4 Nf6 2. c4 e6 3. Nc3 d5 4.
Nf3 Bb4 5. Qa4+ Nc6 6. Ne5 Bd7 7. Nxd7 Qxd7 8. e3 a6 9. Qc2 O-O 10. Bd2 e5 11. dxe5 Nxe5 12. cxd5 Rfd8 13. Be2 Nxd5 14.
Nxd5 Bxd2+ 15. Qxd2 Qxd5 16. Qxd5 Rxd5 17. Rc1 c6 18. f4 Nd3+ 19. Bxd3 Rxd3 20. Ke2 Rad8 21.
Rc2 f5 22. Rg1 h5 23. h3 h4 24. g4 hxg3 25. Rxg3 Kf7 26. h4 Rd1 27. Rg5 Kf6 28. h5 Rh1 29. Rc5 Rh2+ 30. Kf3 Rd5 31. Rxd5 cxd5 32. Rg6+ Kf7 33. Rb6 Rxh5 34. Rxb7+ Kg8 35.
Rb6 Rh2 36. a4 a5 37. Rb5 g6 38. Rxa5 Rxb2 39. Rxd5 Ra2 40. Ra5 Kg7 41. Ra7+ Kf6 42.
a5 Ra1 43. Ke2 Ra3 44. a6 g5 45. fxg5+ Kxg5 46. Ra8 Kf6 47. a7 Kg7 48. Kf3 Ra4 49.
Ke2 Kh7 50. Kd3 Kg7 51. Kc3 Kh7 52. Kb3 Ra1 53. Kc4 Kg7 54. Kd5 Ra5+ 55. Ke6 Kh7 56. Kf6 Ra6+ 57. Kxf5 Ra5+ 58. Kf4 Kg7 59. e4 Ra6 60. e5 Ra1 61. e6 Rf1+ 62. Kg3 Rg1+ 63.
Kf2 Ra1 64. e7 1-0

[Event "*** Titled Tuesday Blitz"]
[Site "Chess.com"]
[Date "2021.03.30"]
[Round "8"]
[White "c63_amg"]
[Black "AlexOstrovskiy"]
[Result "1/2-1/2"]
[WhiteElo "2718"]
[BlackElo "2742"]
[TimeControl "180+1"]
[EndTime "11:29:38 PDT"]
[Termination "Game drawn by repetition"]

1. e4 c6 2. d4 d5 3. e5 c5 4. dxc5 Nc6 5. Nf3 Bg4 6. c3 e6 7.
Bb5 Bxf3 8. Qxf3 Bxc5 9. O-O Ne7 10. Re1 O-O 11. Nd2 Ng6 12. Bxc6 bxc6 13. Nb3 Bb6 14. Qg3 c5 15. Bg5 Qc7 16. h4 f6 17. Bxf6 gxf6 18.
h5 Qg7 19. hxg6 Qxg6 20. Qxg6+ hxg6 21. exf6 Rxf6 22. Re2 a5 23. Rae1 a4 24. Nd2 c4 25.
Nf3 Re8 26. b3 axb3 27. axb3 cxb3 28. Rb1 e5 29. Nxe5 Bc7 30. Ng4 Rxe2 31. Nxf6+ Kf7 32.
Nxd5 Be5 33. Kf1 Rd2 34. Ne3 Bxc3 35. Rxb3 Bd4 36. Rb7+ Ke6 37. Ng4 Kf5 38. f3 g5 39.
Rf7+ Kg6 40. Rd7 Kf5 41. Ne3+ Bxe3 42. Rxd2 Bxd2 43. Ke2 Ba5 44. g3 Bc7 45. Kf2 Bb6+ 46. Kg2 Bc5 47. Kh3 Bd4 48. Kg2 Kg6 49. Kh3 Kf5 50.
Kg2 Bf6 51. Kh3 Be7 52. Kg2 Bd6 53. Kh3 Kg6 54. Kg2 Kh5 55. Kh3 Bc7 56. Kg2 Kg6 57.
Kh3 Kf5 58. Kg2 Bd6 59. Kh3 Bc5 60. Kg2 Bb6 61. Kh3 Ba7 62. Kg2 Bb8 63. Kh3 Bc7 64. Kg2 Ke6 65. Kh3 Kf5 1/2-1/2

[Event "*** Titled Tuesday Blitz"]
[Site "Chess.com"]
[Date "2021.03.30"]
[Round "8"]
[White "youngKID"]
[Black "Zhigalko_Sergei"]
[Result "0-1"]
[WhiteElo "2743"]
[BlackElo "2902"]
[TimeControl "180+1"]
[EndTime "11:29:39 PDT"]
[Termination "Zhigalko_Sergei won on time"]

1. e4 c5 2. Nf3 Nc6 3. Nc3 Nf6 4.
Bb5 Qc7 5. O-O Nd4 6. Re1 a6 7. Bf1 Ng4 8. g3 Nxf3+ 9. Qxf3 Ne5 10. Qe2 e6 11. d3 d6 12. f4 Nc6 13. Qf2 Be7 14.
Bg2 O-O 15. g4 b5 16. Ne2 Bb7 17. f5 Bf6 18. g5 Be5 19. Ng3 b4 20. Rb1 Rad8 21.
Bf4 Bd4 22. Be3 Be5 23. Bf4 a5 24. f6 g6 25. Nf1 h5 26. Ng3 d5 27. Bxe5 Nxe5 28. exd5 Ng4 29. Qe2 Bxd5 30. Bh3 Qf4 31. Bxg4 hxg4 32. Qe3 Qd6 33. Rf1 e5 34. b3 Rfe8 35. Rbe1 Bf3 36. Ne4 Qd4 37. h3 Bxe4 38. Qxd4 Rxd4 39. Rxe4 gxh3 40. Rfe1 Re6 41. Rxe5 Rg4+ 42.
Kh2 Kh7 43. Rxe6 fxe6 44. Rxe6 Rxg5 45. Kxh3 Rf5 46. Ra6 Kh6 47. Kg4 Rf2 48. Rxa5 Rxc2 49. Ra7 Rf2 0-1

[Event "*** Titled Tuesday Blitz"]
[Site "Chess.com"]
[Date "2021.03.30"]
[Round "8"]
[White "Abund"]
[Black "maximnovik"]
[Result "1-0"]
[WhiteElo "2737"]
[BlackElo "2558"]
[TimeControl "180+1"]
[EndTime "11:29:39 PDT"]
[Termination "Abund won on time"]

1. e4 c6 2. d4 d5 3. e5 Bf5 4. Nd2 e6 5. Nb3 Ne7 6. Nf3 Ng6 7. Be2 Nd7 8. O-O f6 9. exf6 Qxf6 10. Bg5 Qf7 11. c4 Bd6 12. Re1 O-O 13. Qd2 h6 14. Be3 Be4 15. Qc3 Nf4 16. Bxf4 Qxf4 17. Nbd2 Nf6 18. g3 Qf5 19. Nh4 Qg5 20. Ndf3 Bxf3 21. Bxf3 Rae8 22. Re2 Nh5 23. Rae1 Nf4 24. Re3 Nh3+ 25.
Kg2 Nf4+ 26. Kf1 Qf6 27. Ng2 Nh3 28. R1e2 g5 29. Qd2 Qf5 30. cxd5 cxd5 31. g4 Qf6 32. Bxd5 Nxf2 33. Rxf2 Qxf2+ 34. Qxf2 Rxf2+ 35. Kxf2 Rf8+ 36. Bf3 e5 37. Re4 exd4 38. Ne1 Bxh2 39. Nd3 Bg1+ 40. Kxg1 Rxf3 41. Rxd4 Kg7 42. Kg2 Re3 43. Rd7+ Kg6 44. Kf2 Re4 45. Rxb7 Kf6 46. Kf3 1-0

[Event "*** Titled Tuesday Blitz"]
[Site "Chess.com"]
[Date "2021.03.30"]
[Round "8"]
[White "muchojogo"]
[Black "albi1999"]
[Result "0-1"]
[WhiteElo "2436"]
[BlackElo "2618"]
[TimeControl "180+1"]
[EndTime "11:29:41 PDT"]
[Termination "albi1999 won by resignation"]

1. d4 Nf6 2. Bf4 d5 3. e3 c5 4.
Nd2 Nc6 5. c3 e6 6. Bd3 Bd6 7.
Bxd6 Qxd6 8. f4 Bd7 9. Ngf3 cxd4 10. cxd4 Nb4 11. Qb3 Nxd3+ 12. Qxd3 Qb6 13. Qb3 Qxb3 14. Nxb3 Ke7 15. O-O Rhc8 16. Rac1 b6 17. Ne5 Be8 18. Rxc8 Rxc8 19. Rc1 Rxc1+ 20. Nxc1 Ne4 21. Kf1 f6 22. Ned3 Kd6 23. Ke2 Bh5+ 24. Ke1 Be8 25. Ke2 a5 26. Nb3 Bb5 27. Nc1 Bc4 28. Kd1 g5 29. fxg5 Nxg5 30. Kc2 e5 31. dxe5+ fxe5 32. Nb3 Ne6 33. Nd2 Ba6 34. g3 d4 35. exd4 Nxd4+ 36. Kc3 Ne2+ 37. Kc2 Kd5 38. Nf2 Nd4+ 39. Kd1 Be2+ 40. Ke1 Bf3 41. h4 Nc2+ 42. Kf1 Ne3+ 43. Ke1 e4 44. Nh3 Bg4 45.
Nf4+ Kd4 46. Nb3+ Ke5 47. Kf2 Nf5 48. Nc1 e3+ 49. Kg2 Ke4 50. Nce2 Bxe2 51. Nxe2 Kd3 52. Kf1 Kd2 53. g4 Nxh4 54. g5 Nf3 55. Ng3 Nd4 0-1

[Event "*** Titled Tuesday Blitz"]
[Site "Chess.com"]
[Date "2021.03.30"]
[Round "8"]
[White "Lyschko"]
[Black "The_Machine04"]
[Result "1/2-1/2"]
[WhiteElo "2259"]
[BlackElo "2425"]
[TimeControl "180+1"]
[EndTime "11:29:41 PDT"]
[Termination "Game drawn by repetition"]

1. c4 d6 2. Nc3 e5 3. g3 Nf6 4.
Bg2 Be7 5. e3 O-O 6. Nge2 c6 7.
O-O Nbd7 8. d4 Re8 9. b3 Nf8 10. Bb2 Ng6 11. dxe5 dxe5 12. Qxd8 Rxd8 13. Rfd1 Be6 14.
h3 a5 15. Na4 h6 16. Nb6 Rab8 17. Bc3 Bb4 18. a3 Bxc3 19. Nxc3 Kf8 20. Nca4 Ke7 21. Nc5 Nd7 22. Ncxd7 Bxd7 23. f4 f6 24. Kf2 Be6 25. Be4 f5 26. Bf3 e4 27. Bh5 Nf8 28.
Be2 Nd7 29. Nxd7 Rxd7 30. Rxd7+ Kxd7 31. Rd1+ Kc7 32. a4 Rd8 33. Rxd8 Kxd8 34. g4 g6 35. gxf5 gxf5 36. Bh5 Ke7 37. Ke2 Kd6 38. Kd2 b5 39. axb5 cxb5 40. Kc3 bxc4 41. bxc4 Kc5 42. Be8 Bxc4 43. Bd7 Bd5 44. Bxf5 a4 45. Bg4 a3 46. Bd1 a2 47. Kb2 Kb4 48. h4 Kc5 49.
Be2 Kb4 50. Bd1 Kb5 51. Be2+ Kc5 52. Bd1 Kb4 53. Be2 Bb3 54. Bg4 Bd5 55. Bd1 1/2-1/2

[Event "*** Titled Tuesday Blitz"]
[Site "Chess.com"]
[Date "2021.03.30"]
[Round "8"]
[White "Volodar_Murzin"]
[Black "CheckThis4"]
[Result "1-0"]
[WhiteElo "2768"]
[BlackElo "2620"]
[TimeControl "180+1"]
[EndTime "11:29:43 PDT"]
[Termination "Volodar_Murzin won by checkmate"]

1. e4 c5 2. Nf3 d6 3. Bb5+ Nd7 4.
O-O a6 5. Bd3 Ngf6 6. c3 b5 7.
Bc2 Bb7 8. Qe2 c4 9. b3 Rc8 10. Na3 d5 11. e5 Ne4 12. bxc4 bxc4 13. e6 Ndc5 14. exf7+ Kxf7 15. Rb1 Qc7 16. Re1 e6 17. Nd4 Bd6 18. g3 Rhe8 19. Qh5+ Kg8 20. f3 Nf6 21. Qh3 e5 22. Nf5 Rcd8 23. Nxd6 Rxd6 24. Rb4 Rb6 25.
Qg2 Nd3 26. Bxd3 cxd3 27. Qf2 Rxb4 28. cxb4 e4 29. Bb2 Rf8 30. f4 Qd7 31. Rc1 Bc6 32. Qd4 Bb5 33. Rc5 Bc6 34. Nb1 Bb7 35. Nc3 Qh3 36.
Rc7 Rf7 37. Rxf7 Kxf7 38. Nd1 Qg4 39. Nc3 Qf3 40. Qa7 Kg6 41. Qxb7 e3 42. dxe3 Qxe3+ 43. Kf1 d2 44. Qxa6 Qf3+ 45. Kg1 Qe3+ 46. Kf1 Qf3+ 47. Kg1 Qe3+ 48. Kg2 Qe1 49. Qd3+ Ne4 50. Nxd5 Qf2+ 51. Kh3 Kh5 52. Qxe4 d1=Q 53. Qf5+ Kh6 54. Qg5# 1-0

[Event "*** Titled Tuesday Blitz"]
[Site "Chess.com"]
[Date "2021.03.30"]
[Round "8"]
[White "BogdanDeac"]
[Black "Shield12"]
[Result "1-0"]
[WhiteElo "3015"]
[BlackElo "2822"]
[TimeControl "180+1"]
[EndTime "11:29:44 PDT"]
[Termination "BogdanDeac won by resignation"]

1. Nf3 c5 2. e4 d6 3. d4 cxd4 4.
Nxd4 Nf6 5. Nc3 Nc6 6. Bg5 Bd7 7. Qd2 a6 8. O-O-O e6 9. f4 b5 10. Qe1 Be7 11. e5 Nxd4 12. Rxd4 dxe5 13. fxe5 Nd5 14. Bxe7 Qxe7 15. Nxd5 exd5 16. Bd3 Be6 17. Qg3 O-O 18. Rh4 g6 19. Rf1 f5 20. exf6 Rxf6 21. Re1 Raf8 22. Rd4 Qc5 23. c3 Bf5 24. Re2 Bxd3 25. Qxd3 Rf1+ 26.
Kc2 R1f2 27. Qd2 Rxe2 28. Qxe2 Qd6 29. h3 Rf7 30. a3 Kg7 31. Kb3 Re7 32. Qf3 Re5 33.
Qf4 Qe6 34. g4 h6 35. Ka2 a5 36. Qd2 a4 37. Qd3 Qc6 38. h4 Qe8 39. Rb4 Qe6 40. Qd4 Qe8 41. Qa7+ Kg8 42. Qc5 d4 43. Qxd4 Qe6+ 44.
c4 Re4 45. Qd8+ Kf7 46. Qc7+ Kf6 47. Qd8+ Kf7 48. Qc7+ Kf6 49. g5+ hxg5 50. hxg5+ Kxg5 51. Rxb5+ Kh6 52. Rb4 g5 53. Rxa4 g4 54. Rb4 Kg5 55. Rb5+ Kg6 56. Rb6 1-0

[Event "*** Titled Tuesday Blitz"]
[Site "Chess.com"]
[Date "2021.03.30"]
[Round "8"]
[White "kflorian98"]
[Black "sergeikim"]
[Result "1-0"]
[WhiteElo "2680"]
[BlackElo "2510"]
[TimeControl "180+1"]
[EndTime "11:29:44 PDT"]
[Termination "kflorian98 won on time"]

1. d3 Nf6 2. Qd2 g6 3. Qg5 Bg7 4. Qh4 h6 5. Nf3 d6 6. c3 e5 7. Qa4+ c6 8. Qd1 O-O 9. Nbd2 Re8 10. g3 d5 11. e4 Nbd7 12. Qc2 a5 13. a4 Nc5 14. b3 b6 15. Ba3 Ba6 16. Bxc5 bxc5 17. Be2 Qd7 18. O-O Qh3 19. Rfe1 Rab8 20. Bf1 Qd7 21.
Rad1 Qc7 22. Bg2 Bc8 23. d4 dxe4 24. dxe5 exf3 25. exf6 Bf5 26. Qc1 Bxf6 27. Bxf3 Rbd8 28. Ne4 Bg7 29. Rxd8 Qxd8 30. Nxc5 Rxe1+ 31. Qxe1 Qd6 32. Nb7 Qd3 33. Kg2 Bxc3 34. Qe8+ Kg7 35. Nd8 Qd7 36. Qxd7 Bxd7 37. Bxc6 Bc8 38. Bd5 f5 39. f4 Kf6 40.
Kf3 g5 41. Nc6 Bd7 42. Na7 Bd4 43. Nb5 Bc5 44. h3 Bc8 45. Nc3 Bd7 46. Nd1 Bc8 47.
Ne3 Ba6 48. Bc4 Bb7+ 49. Bd5 Ba6 50. g4 gxf4 51. Nxf5 1-0

[Event "*** Titled Tuesday Blitz"]
[Site "Chess.com"]
[Date "2021.03.30"]
[Round "8"]
[White "Gnechko_Ruslan"]
[Black "vlad_Sid"]
[Result "1-0"]
[WhiteElo "2485"]
[BlackElo "2560"]
[TimeControl "180+1"]
[EndTime "11:29:45 PDT"]
[Termination "Gnechko_Ruslan won on time"]

1. d4 Nf6 2. Nf3 d5 3. Bf4 c5 4. e3 Nc6 5. c3 Qb6 6. Qc1 Bf5 7.
Nbd2 e6 8. Nh4 Bg6 9. Nxg6 hxg6 10. h3 Be7 11. Bd3 O-O 12. O-O Rfc8 13. Rb1 Qd8 14. Qd1 Bd6 15. Bg5 Qc7 16. Bxf6 gxf6 17. dxc5 Bxc5 18. e4 dxe4 19. Nxe4 Be7 20. Qe2 f5 21.
Nd2 Ne5 22. Rfd1 Nxd3 23. Qxd3 Rd8 24. Qe2 Rd7 25. Nf3 Rad8 26. Rxd7 Qxd7 27. Re1 Bf6 28. Qc4 a6 29. Qb3 Kg7 30. Qb4 Qc6 31. Qb3 b5 32.
Rd1 Rc8 33. Qa3 g5 34. Rd6 Qe4 35. Qxa6 g4 36. hxg4 fxg4 37. Qxc8 Qb1+ 38. Kh2 gxf3 39. Qc5 Qh7+ 40. Kg3 Qe4 41. gxf3 Be5+ 42. Kg2 Qg6+ 43. Kf1 Qb1+ 44. Kg2 Qg6+ 45. Kf1 Qf5 46. Rd2 Qh3+ 47. Ke2 Bf4 48. Rd4 Qh6 49. Qxb5 Bc1 50. Rg4+ Kh7 51. Qd7 1-0

[Event "*** Titled Tuesday Blitz"]
[Site "Chess.com"]
[Date "2021.03.30"]
[Round "8"]
[White "MaxLeto"]
[Black "monikarozman"]
[Result "1-0"]
[WhiteElo "2352"]
[BlackElo "2218"]
[TimeControl "180+1"]
[EndTime "11:29:46 PDT"]
[Termination "MaxLeto won by resignation"]

1. h4 b6 2. h5 h6 3. d4 Bb7 4.
Nf3 d5 5. Bf4 Nd7 6. e3 Ngf6 7.
Be2 e6 8. c3 Bd6 9. Nbd2 Rc8 10. Ne5 Qe7 11. g4 Ne4 12. Nxe4 dxe4 13. Qa4 c6 14. Qxa7 Nxe5 15. dxe5 Bc5 16. Qa4 b5 17.
Qxe4 Bb6 18. Bf3 Rc7 19. Qc2 c5 20. Bxb7 Rxb7 21. Qe4 c4 22. Qc6+ Qd7 23. Qxd7+ Rxd7 24. Ke2 O-O 25. Rhd1 Rxd1 26. Rxd1 Ra8 27. a3 Kf8 28. Rd7 Rb8 29. e4 Bd8 30. Be3 Be7 31. Rc7 Ke8 32. Bc5 Bg5 33. Be3 Be7 34. f4 Bd8 35. Rc6 Kd7 36. Rd6+ Kc7 37. f5 Be7 38. Ra6 exf5 39. exf5 Kd7 40. Ra7+ Ke8 41. Kf3 Bh4 42. Ke4 Be7 43.
e6 fxe6 44. fxe6 Bf6 45. Bd4 Rd8 46. Rb7 Rd6 47. Bxf6 gxf6 48. Kf5 Rd2 49. Rxb5 Rf2+ 50. Kg6 Rg2 51. Kxf6 Rf2+ 52. Kg6 Rg2 53. Kxh6 Rxg4 54. Rb7 Re4 55. e7 1-0

[Event "*** Titled Tuesday Blitz"]
[Site "Chess.com"]
[Date "2021.03.30"]
[Round "8"]
[White "Sofiia_Hryzlova"]
[Black "kikydu96"]
[Result "1/2-1/2"]
[WhiteElo "2329"]
[BlackElo "2476"]
[TimeControl "180+1"]
[EndTime "11:29:48 PDT"]
[Termination "Game drawn by repetition"]

1. c4 e5 2. g3 Nc6 3. Bg2 Bc5 4. Nc3 a6 5. e4 h5 6. h3 h4 7. g4 Nge7 8. d3 Ng6 9. Nd5 d6 10. Nf3 Be6 11. Be3 Nd4 12. b4 Ba7 13. Bxd4 exd4 14. Qd2 c6 15. Nf4 Ne5 16. Nxe6 fxe6 17. O-O Qf6 18.
Ng5 Nxd3 19. Nxe6 Ne5 20. Nc7+ Kd7 21. Nxa8 Nxc4 22. Qc1 Ne5 23. f4 d3+ 24. Kh2 Ng6 25.
b5 axb5 26. a4 b4 27. Rb1 Qd4 28. f5 d2 29. Qb2 Ne5 30. Qxd4 Bxd4 31. Rxb4 c5 32.
Rxb7+ Kc8 33. Rxg7 c4 34. Rd1 c3 35. f6 c2 36. Rxd2 c1=Q 37. Rxd4 Qb2 38. Rd1 Nf3+ 39. Kh1 Qxf6 40. Rc7+ Kd8 41. e5 Qf4 42. Rxd6+ Ke8 43. Re6+ Kf8 44. Rf6+ Qxf6 45. exf6 Rh7 46. Rc8+ Kf7 47.
Bxf3 Kg6 48. Rc6 Rf7 49. Be4+ Kg5 50. Bf5 Rxf6 51. Rc8 Rd6 52. Nb6 Kf4 53. a5 Kg3 54.
Rc1 Rd2 55. Rg1+ Kxh3 56. Rf1 Rh2+ 57. Kg1 Rg2+ 58. Kh1 Rh2+ 59. Kg1 Rg2+ 60. Kh1 Rh2+ 1/2-1/2

[Event "*** Titled Tuesday Blitz"]
[Site "Chess.com"]
[Date "2021.03.30"]
[Round "8"]
[White "BJthechessgod"]
[Black "davidkalashian"]
[Result "0-1"]
[WhiteElo "2332"]
[BlackElo "2546"]
[TimeControl "180+1"]
[EndTime "11:29:49 PDT"]
[Termination "davidkalashian won by resignation"]

1. e4 c6 2. d4 g6 3. Nc3 Bg7 4. Nf3 d6 5. Bd3 Nf6 6. a4 O-O 7. O-O Nbd7 8. h3 e5 9. dxe5 dxe5 10. Be3 Qe7 11. Bc4 Nc5 12. Nd2 Rd8 13. Qe2 Ne6 14.
Rad1 Nd4 15. Bxd4 exd4 16. Ncb1 Nh5 17. Qf3 Be6 18. Bxe6 fxe6 19. g3 e5 20. Na3 Kh8 21. Kh2 b6 22. h4 a6 23. Nac4 b5 24. Nb6 Rab8 25. a5 Qe6 26. Qb3 Qg4 27. Qf3 Qe6 28. Qb3 Qe7 29. Nf3 Rf8 30. Ng5 Rbe8 31. f3 Bh6 32. Nh3 Be3 33. c3 Rf6 34. cxd4 exd4 35. Qc2 Ref8 36. Qg2 R6f7 37. f4 Nf6 38. Ng5 Ng4+ 39.
Kh3 h5 40. Nxf7+ Qxf7 41. f5 Qe7 42. fxg6 Nf2+ 43. Kh2 Nxd1 44. Rxf8+ Qxf8 45. e5 Nf2 46. Qxc6 Ng4+ 47. Kh3 Qf1+ 48. Qg2 Qxg2+ 49. Kxg2 Nxe5 50. Nd5 Nxg6 51. Nc7 Bd2 52. Nxa6 Bxa5 53. Nc5 Ne5 54. Kf2 Bb6 55. Ne4 Nd3+ 56. Ke2 Nxb2 57. Nf6 d3+ 58.
Kd2 Ba5+ 59. Kc1 d2+ 60. Kxb2 d1=Q 61. Nxh5 0-1

[Event "*** Titled Tuesday Blitz"]
[Site "Chess.com"]
[Date "2021.03.30"]
[Round "8"]
[White "Fortitudine"]
[Black "retropwr"]
[Result "1-0"]
[WhiteElo "2288"]
[BlackElo "2423"]
[TimeControl "180+1"]
[EndTime "11:29:50 PDT"]
[Termination "Fortitudine won by checkmate"]

1. c4 d6 2. g3 e5 3. Bg2 f5 4.
Nc3 Nf6 5. d3 g6 6. e4 c6 7.
Nge2 Bg7 8. O-O Be6 9. b3 Nbd7 10. d4 O-O 11. Ba3 c5 12. dxe5 Nxe5 13. exf5 Bxf5 14.
Bxb7 Bh3 15. Bg2 Qd7 16. Nf4 Bxg2 17. Kxg2 Nc6 18. Bb2 Ng4 19. Qd5+ Kh8 20. Qe6 Qb7 21. Nfd5 Nh6 22. Qxd6 Rad8 23. Qc7 Qa8 24. Rad1 Nd4 25.
f4 Nhf5 26. Rfe1 h5 27. Qxc5 Rfe8 28. Ne4 Ne6 29. Bxg7+ Nexg7 30. Qf2 a5 31. Qf3 a4 32. Nef6 Rxe1 33. Rxe1 axb3 34. axb3 Rb8 35. b4 Qa2+ 36.
Re2 Qxc4 37. Ne7 Nxe7 38. Rxe7 Qxb4 39. Qe2 Qb2 40. Qxb2 Rxb2+ 41. Kg1 Rb1+ 42. Kg2 Rb2+ 43. Kh3 Rc2 44. Rf7 Rc8 45. Kg2 Ra8 46. h3 Ra2+ 47. Kg1 Ra3 48. Kf2 Ra2+ 49. Kf3 Ra8 50. g4 hxg4+ 51. hxg4 Ra3+ 52. Kg2 Ra8 53. Kg3 Ra3+ 54. Kh4 Ra8 55. Re7 Rb8 56. Kg5 Rf8 57. Kxg6 Ne8 58.
Rh7# 1-0

[Event "*** Titled Tuesday Blitz"]
[Site "Chess.com"]
[Date "2021.03.30"]
[Round "8"]
[White "ChronicUnhappiness"]
[Black "Savagelittlemole"]
[Result "1/2-1/2"]
[WhiteElo "2350"]
[BlackElo "2513"]
[TimeControl "180+1"]
[EndTime "11:29:52 PDT"]
[Termination "Game drawn - insufficient material"]

1. c4 e5 2. Nf3 Nc6 3. Nc3 g6 4. d4 exd4 5. Nxd4 Bg7 6. Nxc6 bxc6 7. g3 Ne7 8. Bg2 O-O 9. O-O Rb8 10. Qc2 d6 11.
Rd1 Bf5 12. e4 Be6 13. b3 Qc8 14. Be3 Bg4 15. f3 Bh3 16. Bxa7 Ra8 17. Bxh3 Qxh3 18. Bd4 f5 19. Bxg7 Kxg7 20. c5 fxe4 21. Nxe4 d5 22. Ng5 Qf5 23. Qxf5 Rxf5 24. f4 Rf6 25. Re1 Nf5 26.
a4 Nd4 27. Re7+ Kg8 28. Rae1 h6 29. Re8+ Rxe8 30. Rxe8+ Kg7 31. Nh3 Nxb3 32. Re7+ Rf7 33. Re3 Nxc5 34. Rc3 Nxa4 35. Rxc6 Nb6 36. Nf2 d4 37.
Nd3 Nd5 38. Rc4 Rd7 39. Rxd4 Nf6 40. Rxd7+ Nxd7 41. Kf2 Kf6 42. Ke3 Kf5 43. Kf3 h5 44. h3 c5 45. g4+ hxg4+ 46. hxg4+ Kf6 47. Ke4 c4 48. Nb4 Nc5+ 49. Kd4 Ne6+ 50. Ke4 Kg7 51. Nd5 Kf7 52. g5 Kg7 53. Ke5 Kf7 54. Nc3 Nc5 55. Kd4 Nd3 56. Ke3 Nc5 57. Nd5 Ke6 58.
Nb6 Kf5 59. Nxc4 Ne6 60. Nd6+ Kg4 61. f5 gxf5 62. g6 Kg5 63. Nxf5 Kxg6 1/2-1/2

[Event "*** Titled Tuesday Blitz"]
[Site "Chess.com"]
[Date "2021.03.30"]
[Round "8"]
[White "Smile2005"]
[Black "Kostukov_Alex"]
[Result "0-1"]
[WhiteElo "2430"]
[BlackElo "2322"]
[TimeControl "180+1"]
[EndTime "11:29:52 PDT"]
[Termination "Kostukov_Alex won on time"]

1. Nf3 g6 2. d4 Bg7 3. b3 d6 4. Bb2 e5 5. dxe5 d5 6. e3 c5 7. Bb5+ Nc6 8. O-O Ne7 9. Nbd2 O-O 10. Bxc6 Nxc6 11. c4 d4 12. exd4 cxd4 13. Ne4 Bg4 14. e6 fxe6 15. Ba3 Rf4 16. Nc5 Bxf3 17. gxf3 Qf6 18. Ne4 Qh4 19. Bd6 Be5 20. Re1 Bxd6 21. Nxd6 Raf8 22. Qe2 e5 23. Ne4 Rxf3 24. Rad1 R8f4 25.
Ng3 e4 26. Nxe4 Rg4+ 27. Ng3 d3 28. Qxf3 Rf4 29. Qd5+ Kg7 30. Qd7+ Kh6 31. Qxd3 Nd4 32. Re3 Rxf2 33. Kxf2 Qxh2+ 34. Ke1 Nc2+ 35. Qxc2 Qxc2 36.
Rd2 Qb1+ 37. Ke2 a6 38. Ne4 Qa1 39. Nc5 Qf6 40. Nxb7 Qg5 41. Na5 Qxa5 42. Red3 Qa3 43. Rd6 Qb4 44. Ke3 a5 45. R6d5 a4 46. Rb5 Qc3+ 47.
Rd3 Qc1+ 48. Ke4 a3 49. c5 Qb2 50. c6 Qxa2 51. c7 Qg2+ 52. Kd4 Qf2+ 53. Kc4 Qc2+ 54.
Rc3 Qe4+ 0-1

[Event "*** Titled Tuesday Blitz"]
[Site "Chess.com"]
[Date "2021.03.30"]
[Round "8"]
[White "MalyDominator"]
[Black "andriipalchuk"]
[Result "0-1"]
[WhiteElo "2486"]
[BlackElo "2618"]
[TimeControl "180+1"]
[EndTime "11:29:54 PDT"]
[Termination "andriipalchuk won on time"]

1. e4 e5 2. Nf3 Nc6 3. Bb5 a6 4.
Ba4 Nf6 5. O-O Nxe4 6. d4 b5 7. Bb3 d5 8. dxe5 Be6 9. Qe2 Bc5 10. Be3 O-O 11. Nbd2 Bxe3 12. Qxe3 Nxd2 13. Qxd2 Qe7 14. Rad1 Rad8 15. c3 Na5 16. Bc2 c5 17. Ng5 h6 18.
Nh7 Rfe8 19. f4 Nc4 20. Qf2 Bc8 21. b3 Nb6 22. Qg3 Kh8 23. Rde1 d4 24. f5 Qc7 25.
f6 g6 26. Ng5 d3 27. Bxd3 c4 28. Nxf7+ Qxf7 29. Bxg6 Qc7 30. Qh4 Qc5+ 31. Kh1 Qf8 32. Bxe8 Rxe8 33. Qd4 Re6 34. Rd1 cxb3 35. axb3 Bb7 36.
Rf4 Nd5 37. Rg4 Qe8 38. c4 Nxf6 39. Rh4 Nh7 40. Rf1 Rg6 41. Rg4 Ng5 42. e6+ Kg8 43.
h4 Nxe6 44. Qd1 Ng7 45. Rg1 Rxg4 46. Qxg4 Qe6 47. Qxe6+ Nxe6 48. Re1 Nf4 49. cxb5 Bxg2+ 50. Kh2 axb5 51. Rg1 Kf7 52. Rxg2 Nxg2 53. Kxg2 Kf6 54. Kf3 Kf5 55. Kg3 b4 56. Kf3 h5 57. Kg3 Ke4 58.
Kf2 Kf4 0-1

[Event "*** Titled Tuesday Blitz"]
[Site "Chess.com"]
[Date "2021.03.30"]
[Round "8"]
[White "bait_or_mate"]
[Black "suneebaker"]
[Result "1-0"]
[WhiteElo "2539"]
[BlackElo "2163"]
[TimeControl "180+1"]
[EndTime "11:29:54 PDT"]
[Termination "bait_or_mate won by checkmate"]

1. d4 e6 2. c4 f5 3. Nf3 Nf6 4. g3 Be7 5. Bg2 O-O 6. O-O d6 7. Nc3 a5 8. Re1 Nc6 9. e4 fxe4 10. Nxe4 Nxe4 11. Rxe4 d5 12. cxd5 exd5 13. Rf4 Bf6 14. h4 Ne7 15. Ne5 Be6 16. Ng4 Ng6 17. Nxf6+ Rxf6 18.
Rxf6 Qxf6 19. Bg5 Qf7 20. Rc1 c6 21. Qe2 Re8 22. Re1 Bd7 23. Qd2 Rxe1+ 24. Qxe1 h6 25.
Be3 Ne7 26. Qxa5 Nf5 27. Qa8+ Kh7 28. Qxb7 Nxe3 29. fxe3 Qe6 30. Qb3 Be8 31. e4 Bg6 32.
exd5 cxd5 33. Qxd5 Qe2 34. b4 Qe1+ 35. Kh2 Qxb4 36.
h5 Bc2 37. Be4+ Bxe4 38. Qxe4+ Kh8 39. Kh3 Qa4 40. Qd5 Qd1 41. a4 Qf1+ 42. Kg4 Qe2+ 43.
Kf4 Qd2+ 44. Ke5 Qe3+ 45. Kd6 Qxg3+ 46. Qe5 Qa3+ 47. Ke6 Qxa4 48. d5 Qe8+ 49. Kd6 Qd8+ 50. Kc6 Qa5 51. Qe8+ Kh7 52. Qg6+ Kh8 53. d6 Qa6+ 54. Kd7 Qb7+ 55. Ke6 Qb3+ 56. Ke7 Qe3+ 57. Qe6 Qa7+ 58. d7 Qa3+ 59. Ke8 Qa4 60. Qe7 Kh7 61. Kf8 Qf4+ 62. Qf7 Qb4+ 63. Ke8 Qb5 64. Qe7 Qc6 65. Qf7 Qb5 66. Qg6+ Kh8 67. Qe6 Qa4 68. Ke7 Qb4+ 69. Qd6 Qb7 70. Ke8 Qb5 71. Kf7 Qc4+ 72. Qe6 Qc7 73.
Qe8+ Kh7 74. Qg8# 1-0

[Event "*** Titled Tuesday Blitz"]
[Site "Chess.com"]
[Date "2021.03.30"]
[Round "8"]
[White "Evgeny81"]
[Black "iamnotIM"]
[Result "1-0"]
[WhiteElo "2774"]
[BlackElo "2614"]
[TimeControl "180+1"]
[EndTime "11:29:56 PDT"]
[Termination "Evgeny81 won by resignation"]

1. e4 c5 2. Nf3 d6 3. d4 cxd4 4. Nxd4 Nf6 5. Nc3 g6 6. Be2 Bg7 7. O-O O-O 8. Re1 Nc6 9. Bf1 Bg4 10. Qd3 Nxd4 11. Qxd4 Qa5 12. h3 Be6 13. Qa4 Qxa4 14. Nxa4 Rfc8 15. Nc3 Rxc3 16. bxc3 Rc8 17. Bd2 Nd7 18.
a4 Ne5 19. Reb1 Rc7 20. a5 Nc4 21. Bxc4 Bxc4 22. Ra3 Ba6 23. Be3 Rc4 24. f3 Rxc3 25.
Rxc3 Bxc3 26. Bxa7 Bxa5 27. Bd4 f6 28. Kf2 Kf7 29.
Ra1 Bc7 30. Ra3 Ke6 31. Rc3 Kd7 32. Be3 Ba5 33. Rb3 Bc7 34. Bb6 Bb8 35. Rc3 e6 36. h4 d5 37. exd5 exd5 38. Bd4 f5 39. Re3 Bf4 40. Re1 Bd6 41. g4 fxg4 42. fxg4 h5 43. g5 Bb5 44. Kf3 Ba4 45. Re2 b5 46. Rf2 b4 47.
Ke3 b3 48. cxb3 Bxb3 49. Rf7+ Ke8 50. Rf6 Bg3 51. Rxg6 Bxh4 52. Kf4 Bd1 53. Re6+ Kf7 54. Rf6+ Kg8 55. Rd6 Be1 56. Kf5 h4 57. g6 Kf8 58.
g7+ Kf7 59. Rd7+ Ke8 60. g8=Q+ Kxd7 61. Qe6+ Kc7 62. Qxe1 Bc2+ 63. Ke5 Be4 64. Qxh4 1-0

[Event "*** Titled Tuesday Blitz"]
[Site "Chess.com"]
[Date "2021.03.30"]
[Round "8"]
[White "Gentlejimmy7"]
[Black "c_r_e_e_p_e_r"]
[Result "1-0"]
[WhiteElo "2499"]
[BlackElo "2369"]
[TimeControl "180+1"]
[EndTime "11:29:58 PDT"]
[Termination "Gentlejimmy7 won by checkmate"]

1. d4 d5 2. g3 Nf6 3. Bg2 e6 4. Nf3 Be7 5. O-O O-O 6. c4 dxc4 7. Qc2 a6 8. a4 a5 9. Qxc4 Na6 10. Bf4 Nb4 11.
Nc3 Nfd5 12. Rac1 Nxf4 13. gxf4 Ra6 14. Ne5 Rd6 15. e3 c6 16. Ne4 Rd5 17. Nc3 Rd6 18. Qb3 Kh8 19. Na2 f6 20. Nxb4 fxe5 21. fxe5 Rxd4 22.
exd4 Bxb4 23. Qe3 Bd7 24. f4 Be8 25. Be4 Qh4 26. Qg3 Qh6 27. Rc2 Bh5 28. Rg2 Rd8 29. Qe3 g6 30. Bf3 c5 31. dxc5 Qf8 32. Kh1 Bxc5 33. Qe2 Bxf3 34. Qxf3 b6 35. Rg4 Qf5 36.
Rg2 Rd3 37. Qg4 Qf7 38. Rd1 Qd7 39. Rxd3 Qxd3 40. h4 Qf1+ 41. Kh2 Be3 42. Kh3 Bxf4 43. Qe2 Qh1+ 44. Kg4 Bc1 45. Qf3 h5+ 46. Kg3 Qe1+ 47. Rf2 Qxe5+ 48. Kg2 Qf5 49. Qa8+ Kg7 50. Rxf5 gxf5 51.
Qc6 Kf6 52. Qxc1 e5 53. Qh6+ Ke7 54. Qxb6 f4 55. Qxa5 e4 56. Qe5+ Kd7 57. Qxe4 Kc7 58. Qxf4+ Kb6 59. Qg5 Ka6 60. Qxh5 Kb6 61. Qb5+ Kc7 62. h5 Kd6 63. a5 Ke6 64. a6 Kf6 65. a7 Kg7 66. a8=Q Kh6 67. Qaa6+ Kg7 68. Qbb7+ Kf8 69.
Qaa8# 1-0